 Dungeon Crawl Stone Soup version 0.31.0-32-g396128a36d (webtiles) character file.

Game seed: 3506960880256273735

114 Henri the Ruffian (level 4, -1/29 HPs)
             Began as an Octopode Shapeshifter on Apr 4, 2024.
             Slain by a gnoll
             ... wielding a +0 halberd
              (16 damage)
             ... on level 3 of the Dungeon.
             The game lasted 00:03:54 (2417 turns).

Henri the Ruffian (Octopode Shapeshifter)           Turns: 2417, Time: 00:03:54

Health: -1/29      AC:  1    Str: 15    XL:     4   Next: 97%
Magic:  4/4        EV: 13    Int: 12    God:
Gold:   115        SH:  0    Dex: 11    Spells: 3/3 levels left

rFire   . .          .
                       - Unarmed
rCold   . . .        (no shield)
rNeg    . . .        (helmet currently unavailable)
rPois   .            (no amulet)
rElec   .            (no ring)
rCorr   .            (no ring)
SInv    .            (no ring)
Will    .....        (no ring)
Stlth   +++          (no ring)
HPRegen 0.24/turn    (no ring)
MPRegen 0.09/turn    (no ring)
                     (no ring)

%: no passive effects
@: beast-form
A: beast (slay +2), almost no armour, amphibious, 8 rings, camouflage 1,
gelatinous body 1, nimble swimmer 1, tentacles
a: Begin Untransformation


You were on level 3 of the Dungeon.
You were a hulking beast.
You visited 1 branch of the dungeon, and saw 3 of its levels.

You collected 115 gold pieces.

Inventory:

Jewellery
 e - an amulet of magic regeneration
Talismans
 b - a beast talisman
 c - a flux talisman
Scrolls
 d - 2 scrolls of identify
 f - 2 scrolls of teleportation {unknown}
 i - a scroll of brand weapon {unknown}
 j - a scroll of fog {unknown}
 m - a scroll of noise {unknown}
Potions
 a - 2 potions of lignification
 g - a potion of brilliance
 h - 3 potions of curing
 k - 2 potions of heal wounds
 l - a potion of degeneration


   Skills:
 + Level 1.8 Fighting
 - Level 2.0 Dodging
 * Level 4.8 Unarmed Combat
 - Level 3.5 Shapeshifting


You had 3 spell levels left.
You didn't know any spells.
Your spell library contained the following spells:

 Spells                   Type           Power      Damage    Failure   Level
 Foxfire                  Conj/Fire      0%         2x1d4     32%         1
 Sandblast                Erth           0%         2d4       32%         1
 Passwall                 Erth           0%         N/A       69%         3
 Stone Arrow              Conj/Erth      0%         3d7       69%         3
 Brom's Barrelling Bould  Conj/Erth      0%         2d3       97%         4
 Plasma Beam              Fire/Air       0%         2x1d10    100%        6
 Starburst                Conj/Fire      0%         6d3       100%        6


Dungeon Overview and Level Annotations

Branches:
Dungeon (3/15)

Altars:


Innate Abilities, Weirdness & Mutations

You are a hulking beast.
Your limbs bulge with bestial killing power. (Slay +2)
You cannot wear most types of armour.
You are amphibious.
You can wear up to eight rings at the same time.
Your skin changes colour to match your surroundings (Stealth+).
Your rubbery body absorbs attacks. (AC +1, EV +1)
You are camouflaged when in or above water. (Stealth+)
You have tentacles for arms and can constrict up to eight enemies at once.


Message History

You barely miss the gnoll. You grab the gnoll. You constrict the gnoll.
The gnoll barely misses you.
A gnoll comes into view. It is wielding a +0 flail.
The gnoll closely misses you.
You tentacle-slap the gnoll but do no damage.
The gnoll is lightly wounded.
You constrict the gnoll. The gnoll closely misses you. x2
You tentacle-slap the gnoll.
The gnoll is heavily wounded.
You constrict the gnoll. The gnoll barely misses you.
You bludgeon the gnoll!
You kill the gnoll!
The gnoll barely misses you.
The gnoll hits you from afar with a +0 spear.
There are monsters nearby!
There are monsters nearby!
The gnoll hits you from afar with a +0 halberd!
The gnoll closely misses you.
The gnoll hits you from afar with a +0 spear.
You closely miss the gnoll. Your grab misses the gnoll. You squeeze the gnoll!
The gnoll is almost dead.
The gnoll hits you with a +0 halberd.
The gnoll hits you from afar with a +0 spear.
* * * LOW HITPOINT WARNING * * *
The gnoll barely misses you.
You tentacle-slap the gnoll. Your grab misses the gnoll.
The gnoll is lightly wounded.
The gnoll misses you. The gnoll hits you with a +0 flail!
You barely miss the gnoll. You grab the gnoll.
The gnoll is lightly wounded.
You constrict the gnoll. The gnoll hits you with a +0 flail!
You release your grip on the gnoll.
The gnoll hits you from afar with a +0 spear.
The gnoll hits you from afar with a +0 halberd!
The gnoll barely misses you.
You barely miss the gnoll. You grab the gnoll. You constrict the gnoll.
The gnoll hits you from afar with a +0 spear.
The gnoll hits you from afar with a +0 halberd!
Ouch! That really hurt!
You die...

#.≈ #####.#####≈≈.######
#.≈≈#.........#≈≈.......
##.≈###.#####.##≈≈.######
#..≈#...#≈≈≈#.##≈≈.# ##
#..≈##..#≈≈≈##.##≈.# #.
#...#.#.#≈≈≈≈##.#..# #. ###
#....####≈≈≈≈≈##...# #.
....#####....#≈≈≈≈≈≈≈≈≈#...# #.
.......†......≈≈h≈≈≈≈≈≈..#.# ##
.[./...†..###..g≈≈≈≈≈).....######
........#.# ###.gg...............
......##..# ###......#.........
.....# #.g# #......##########
...## ...# #................ ..#
....# #......########## .# .....
#........# ......# #.....##.# ###


You could see 3 gnolls.

Vanquished Creatures
  A gnoll (D:3)
  6 adders
  3 dart slugs
  A ribbon worm (D:2)
  An orc (D:3)
  5 ball pythons
  2 endoplasms (D:1)
  3 giant cockroaches
  2 goblins (D:1)
  6 hobgoblins
  3 jackals (D:1)
  2 kobolds (D:1)
  A quokka (D:1)
  A bat (D:1)
  A frilled lizard (D:1)
  4 rats
42 creatures vanquished.

Notes
Turn   | Place    | Note
-------+----------+-------------------------------------------
     0 | D:1      | Henri the Octopode Shapeshifter began the quest for the
                  | Orb.
     0 | D:1      | Reached XP level 1. HP: 13/13 MP: 1/1
    75 | D:1      | Reached XP level 2. HP: 15/18 MP: 2/2
   440 | D:1      | Reached skill level 4 in Unarmed Combat
   531 | D:1      | Reached XP level 3. HP: 23/23 MP: 3/3
  1499 | D:2      | Reached XP level 4. HP: 25/28 MP: 4/4
  2417 | D:3      | Slain by a gnoll

Illustrated notes

Levels and vault maps discovered:
D:1:      dpeg_arrival_rooms_c, layout_loops_corners
D:2:      layout_loops_ring, kennysheep_minor_cross
D:3:      layout_basic, grunt_decor_junction, grunt_ministairs_5,
          nrook_mini_backslash, minmay_misc_feat_secret_circle

Skill      XL: |  1  2 |
---------------+-------+-----
Unarmed Combat | 4 |  4.8
Fighting       | |  1.8
Dodging        | |  2.0
Shapeshifting  | |  3.5

Action                     |  1- 3 |  4- 6 || total
---------------------------+-------+-------++-------
  Melee: Unarmed           |    61 |    35 ||    96
         Constrict         |    20 |    10 ||    30
         Tentacles         |    10 |     5 ||    15
         Punch             |     2 |       ||     2
    Use: Scroll            |     2 |     2 ||     4
   Stab: Sleeping          |     6 |     1 ||     7
 Armour: Skin              |    16 |    24 ||    40
  Dodge: Dodged            |    32 |    23 ||    55
